 Dungeon Crawl Stone Soup version bcrawl-1.37.2 (webtiles) character file.

Game seed: 3512332804762109733

162504 FaviusArthum the Grave Robber (level 3, 0/24 HPs)
             Began as a Human Necromancer on Dec 18, 2022.
             Was an Initiate of Vehumet.
             Succumbed to a gnoll's poison
             ... on level 2 of the Dungeon.
             The game lasted 00:08:24 (460 turns).

FaviusArthum the Grave Robber (Human Necromancer)    Turns: 460, Time: 00:08:24

Health: 0/24       AC:  2    Str:  8    XL:     3   Next: 52%
Magic:  1/6        EV: 12    Int: 16    God:    Vehumet [......]
Gold:   95         SH:  0    Dex: 13    Spells: 5/6 levels left

rFire    . . .     GDR:     25% l - +0 club
rCold    . . .     SeeInvis .   (no shield)
rNeg     . . .     Gourm    .   b - +0 robe
rPois    .         Faith    .   (no helmet)
rElec    .         Spirit   .   (no cloak)
rCorr    .         Reflect  .   (no gloves)
MR       .....                  (no boots)
Stlth    ++........             (no amulet)
HPRegen  0.14/turn              (no ring)
MPRegen  0.10/turn              (no ring)

@: lethally poisoned (0 -> -7)
A: no striking features
a: Renounce Religion


You were on level 2 of the Dungeon.
You worshipped Vehumet.
Vehumet was noncommittal.
You were not hungry.

You visited 1 branch of the dungeon, and saw 2 of its levels.

You collected 95 gold pieces.

Inventory:

Hand Weapons
 a - a +0 dagger of pain
 c - a +0 dagger
 l - a +0 club (weapon)
Missiles
 h - 322 sling bullets
Armour
 b - a +0 robe (worn)
 i - a +0 leather armour
Potions
 d - a potion of mutation {unknown}
 f - 2 potions of haste {unknown}
 g - 2 potions of might {unknown}
 j - a potion of curing {unknown}
 k - a potion of magic {unknown}
Comestibles
 e - 2 rations {!d}


   Skills:
 + Level 2.5 Dodging
 + Level 2.6 Stealth
 + Level 2.4 Spellcasting
 + Level 5.0 Necromancy


You had 5 spell levels left.
You knew the following spells:

 Your Spells              Type           Power        Failure   Level  Hunger
a - Necrotize             Necr           ###...       2%          1    None

Your spell library contained the following spells:

 Spells                   Type           Power        Failure   Level  Hunger
 Vampiric Draining        Necr           ###.......   8%          3    ####...
 Agony                    Necr           ###.....     26%         4    ######.
 Animate Dead             Necr           N/A          26%         4    ######.
 Dispel Undead            Necr           ###.....     56%         5    #######


Dungeon Overview and Level Annotations

Branches:
Dungeon (2/12)

Altars:
Vehumet


Message History

Your kobold zombie hits the gnoll but does no damage.
* * * LOW HITPOINT WARNING * * *
You feel sick.
You hit the quokka.
The quokka is lightly wounded.
* * * LOW HITPOINT WARNING * * *
You feel sick. The quokka bites you.
* * * LOW HITPOINT WARNING * * *
Your kobold zombie closely misses the quokka.
The quokka barely misses you.
Casting: Necrotize (safe; 2% risk of failure)
Confirm with . or Enter, or press ? or * to list all spells.
Aiming: Necrotize (safe; 2% risk of failure)
Press: ? - help, Shift-Dir - straight line, f - quokka
Aim: a quokka (lightly wounded, chance to defeat MR: 87%)
The quokka writhes in agony.
You kill the quokka!
Vehumet accepts your kill.
The quokka turns into a zombie!
You die...

#.#..#####.# .#...
...........# ....#
...).....#.###.#.##
...#.###...........
..##.####.#......####
.....##.._.(.#####..
..##.##.#.#..# #.# #
#....<.......#####.##.##?#
.....#######....@Z.......(
###### #######Z##.#..# #Z#
#.g...... ###)g.... ......
..... #...# ...#


You could see a friendly quokka zombie and a friendly kobold zombie.

Vanquished Creatures
  A gnoll (D:2)
  2 leopard geckos (D:1)
  A bat (D:1)
  5 hobgoblins
  2 jackals (D:2)
  A quokka (D:2)
  A frilled lizard (D:1)
  2 kobolds (D:2)
  2 rats (D:1)
17 creatures vanquished.

Vanquished Creatures (collateral kills)
  A goblin (D:1)
  A hobgoblin (D:2)
  A jackal (D:2)
  A kobold (D:1)
  A rat (D:1)
5 creatures vanquished.

Grand Total: 22 creatures vanquished

Notes
Turn   | Place    | Note
-------+----------+-------------------------------------------
     0 | D:1      | FaviusArthum the Human Necromancer began the quest for the
                  | Orb.
     0 | D:1      | Reached XP level 1. HP: 13/13 MP: 3/3
    59 | D:1      | Reached XP level 2. HP: 11/19 MP: 0/5
   315 | D:2      | Found a radiant altar of Vehumet.
   329 | D:2      | Reached XP level 3. HP: 14/24 MP: 1/6
   427 | D:2      | Became a worshipper of Vehumet
   455 | D:2      | Reached skill level 5 in Necromancy
   460 | D:2      | Succumbed to a gnoll's poison

Skill      XL: |  1  2  3 |
---------------+----------+-----
Necromancy     | 5 |  5.0
Dodging        | |  2.5
Stealth        | |  2.6
Spellcasting   | |  2.4

Action                   || total
-------------------------++-------
Melee: Dagger            ||     6
       Club              ||     9
 Cast: Necrotize         ||    28
Armor: Robe              ||     7
Dodge: Dodged            ||    14
